Map: Blackburn LE

Players

Kelazhur

  • Race: Terran Terran

Cham - Winner!

  • Race: Zerg Zerg

Event: DreamHack SC2 Masters 2021 Fall

VOD

Have the link to the VOD?

Description

Time

  • Played on: July 30, 2021, 4:15 p.m.
  • Length: 8:47

All games in this series

Show
View Real Time Build Order
Export as new Build Order

Kelazhur Terran 

Build Orders: Reaper Expand, Hellion Banshee 

Get SALT Encoding   

  12  0:00  SCV  
  13  0:12  SCV  
  14  0:17  Supply Depot  
  14  0:24  SCV  
  15  0:38  SCV  
  15  0:40  Barracks  
  16  0:43  Refinery  
  16  0:50  SCV  
  17  1:03  SCV  
  18  1:15  SCV  
  19  1:27  Reaper, Orbital Command  
  20  1:39  Command Center  
  20  1:47  Supply Depot  
  20  1:53  SCV  
  21  1:59  Marine  
  22  2:03  Factory  
  22  2:07  SCV  
  23  2:19  SCV  
  23  2:21  Barracks Reactor  
  24  2:31  SCV  
  25  2:41  Command Center  
  25  2:43  SCV  
  26  2:51  Orbital Command  
  26  2:58  SCV, Starport  
  27  3:05  Hellion  
  29  3:09  Hellion  
  29  3:11  SCV  
  32  3:14  Barracks Tech Lab  
  32  3:18  Refinery, SCV  
  33  3:23  SCV  
  34  3:29  Hellion  
  34  3:30  Hellion  
  34  3:31  SCV  
  39  3:35  SCV  
  40  3:43  SCV  
  40  3:45  Banshee  
  40  3:47  SCV  
  45  3:54  Orbital Command  
  45  3:55  SCV  
  46  3:57  Hellion  
  46  3:58  Hellion  
  46  4:00  SCV  
  51  4:07  SCV  
  51  4:09  Barracks Tech Lab  
  52  4:10  Supply Depot  
  52  4:12  SCV  
  53  4:19  SCV  
  53  4:23  SCV  
  55  4:25  SCV  
  55  4:27  Barracks  
  55  4:29  Factory Reactor  
  56  4:31  SCV, Barracks  
  56  4:34  Marine, Stimpack  
  58  4:39  Supply Depot, SCV  
  58  4:40  Viking  
  58  4:43  SCV  
  62  4:47  SCV  
  62  4:51  SCV  
  64  4:54  Engineering Bay x2  
  64  4:55  SCV  
  64  4:59  SCV  
  66  5:02  Refinery x2  
  66  5:03  Marine, SCV, Supply Depot  
  68  5:13  Starport Reactor  
  45  5:14  Orbital Command  
  68  5:15  SCV  
  68  5:17  Marine x2  
  68  5:18  SCV  
  68  5:20  Terran Infantry Armor Level 1, Terran Infantry Weapons Level 1  
  72  5:25  Barracks  
  72  5:26  Barracks  
  72  5:28  Marine x2, SCV  
  74  5:29  Supply Depot x2  
  74  5:30  Marine  
  76  5:36  SCV, Siege Tank  
  76  5:40  SCV x2  
  76  5:41  Marine  
  81  5:49  Marine, SCV  
  83  5:50  Marine  
  83  5:52  Marine, SCV x2  
  83  5:56  Medivac  
  83  5:57  Medivac  
  91  5:59  Marine  
  91  6:01  SCV  
  91  6:02  Marine  
  94  6:04  SCV x2  
  94  6:07  Marine  
  94  6:09  Siege Tank  
  100  6:13  SCV  
  100  6:15  Supply Depot  
  101  6:18  Armory  
  101  6:36  Marine x4  
  101  6:37  Barracks Reactor, SCV x3  
  101  6:38  Barracks Reactor  
  108  6:41  Siege Tank  
  108  6:44  Marine  
  108  6:45  Combat Shield  
  112  6:49  Refinery, SCV x3  
  112  6:51  Supply Depot  
  115  6:54  Marine x2  
  115  6:58  Supply Depot  
  115  6:59  Supply Depot  
  115  7:00  Supply Depot x2  
  117  7:04  Marine  
  117  7:05  Marine, Command Center  
  117  7:06  Marine  
  115  7:12  Marine  
  115  7:13  Medivac x2  
  120  7:16  Marine x5  
  120  7:20  SCV x3  
  128  7:23  Supply Depot  
  128  7:29  Marine  
  128  7:30  Marine x3  
  128  7:34  Marine, Missile Turret  
  133  7:37  Marine  
  130  7:46  Marine  
  130  7:48  Marauder  
  130  7:49  Marine  
  126  7:54  Marine x4  
  126  7:58  Orbital Command  
  119  8:02  Marine  
  109  8:05  Siege Tank  
  109  8:08  Marine  
  109  8:09  Marine  
  109  8:10  Marauder  
  109  8:11  Marine  
  112  8:17  SCV  
Show
View Real Time Build Order
Export as new Build Order

Cham Zerg - Winner!

Build Orders: Hatch First 

Get SALT Encoding   

  12  0:00  Drone  
  13  0:08  Drone  
  14  0:18  Overlord  
  14  0:36  Drone x2  
  16  0:47  Hatchery  
  15  0:52  Drone  
  15  0:56  Drone  
  17  0:59  Drone  
  18  1:12  Spawning Pool  
  18  1:15  Extractor  
  18  1:17  Drone  
  17  1:20  Drone  
  18  1:30  Drone  
  19  1:41  Drone  
  20  1:53  Drone  
  21  1:59  Queen x2  
  21  2:00  Zergling x2  
  26  2:02  Zergling x2  
  27  2:18  Drone, Overlord  
  27  2:19  Metabolic Boost  
  28  2:35  Hatchery  
  26  2:41  Queen  
  28  2:49  Drone x2  
  28  2:50  Drone x2  
  32  2:54  Drone x2  
  34  3:01  Drone  
  34  3:04  Overlord  
  35  3:16  Overlord  
  35  3:21  Queen  
  35  3:22  Drone x4  
  35  3:25  Drone x2  
  43  3:36  Drone x2  
  43  3:40  Queen  
  47  3:42  Overlord  
  47  3:44  Drone  
  47  3:48  Drone  
  49  3:49  Queen  
  49  3:51  Drone x2  
  53  3:56  Drone x2  
  53  3:58  Overlord  
  55  4:04  Queen  
  55  4:06  Drone x2  
  59  4:15  Zergling x2  
  59  4:16  Zergling x4  
  62  4:17  Drone x3  
  62  4:20  Queen  
  62  4:22  Drone  
  68  4:27  Overlord  
  68  4:28  Drone  
  68  4:29  Drone x2  
  71  4:32  Drone  
  71  4:34  Overlord  
  71  4:35  Drone  
  73  4:39  Overlord  
  73  4:41  Spore Crawler  
  73  4:44  Lair  
  73  4:45  Extractor, Spore Crawler  
  70  4:47  Spore Crawler  
  69  4:53  Drone x3  
  69  4:55  Drone x2  
  69  4:56  Drone x3  
  69  4:59  Drone x2  
  79  5:02  Drone  
  80  5:10  Roach Warren  
  80  5:12  Extractor, Evolution Chamber  
  80  5:13  Extractor, Drone x3, Evolution Chamber  
  78  5:14  Overlord  
  78  5:17  Drone x3  
  78  5:19  Extractor x2  
  79  5:22  Overlord  
  79  5:23  Drone  
  79  5:26  Drone  
  81  5:30  Overlord  
  81  5:31  Drone  
  81  5:32  Drone x2  
  83  5:47  Zerg Missile Weapons Level 1  
  83  5:48  Zerg Ground Armor Level 1, Drone x2  
  83  5:49  Hatchery  
  84  5:53  Overlord  
  84  5:56  Roach x3  
  90  5:58  Roach  
  90  6:01  Glial Reconstitution  
  92  6:05  Drone  
  92  6:06  Drone, Overlord  
  92  6:07  Roach  
  92  6:11  Overlord  
  96  6:12  Roach x2  
  96  6:16  Roach x2  
  96  6:18  Overlord  
  104  6:21  Roach x2  
  104  6:24  Roach  
  110  6:29  Roach x2  
  110  6:30  Roach  
  110  6:31  Roach  
  118  6:33  Overlord  
  118  6:34  Roach  
  118  6:37  Overlord  
  118  6:38  Overlord  
  120  6:44  Roach x2  
  123  6:49  Roach x2, Overlord  
  123  6:50  Roach  
  123  6:51  Roach  
  123  6:53  Roach  
  133  6:55  Roach  
  133  6:59  Overlord  
  133  7:00  Roach x2  
  139  7:01  Roach  
  139  7:08  Roach x4  
  144  7:09  Ravager x2  
  144  7:10  Ravager x3  
  144  7:13  Roach  
  151  7:16  Roach x2  
  151  7:18  Roach  
  151  7:20  Roach x2  
  161  7:23  Roach  
  161  7:24  Roach  
  161  7:28  Roach x2  
  161  7:29  Roach  
  171  7:30  Ravager x2  
  171  7:32  Roach  
  171  7:35  Roach x2  
  179  7:41  Roach  
  179  7:43  Roach  
  183  7:56  Roach x2  
  169  7:59  Roach  
  169  8:00  Roach x6  
  169  8:03  Roach  
  183  8:08  Overlord x2  
  183  8:19  Roach  
  183  8:20  Overlord x2  
  183  8:23  Roach x2  
  183  8:24  Roach x2  

Tags
 
Add a new tag
Caveats
  • Supply blocks, unpowered buildings, or Contaminate may cause inaccurate times.
  • Supply counts are checked every 10 seconds.